 Dungeon Crawl Stone Soup version 0.27.0-1-g7a08968 (webtiles) character file.

Game seed: 8741815684175025505

30 JimDarkmagic the Skirmisher (level 3, -1/33 HPs)
             Began as a Draconian Berserker on Aug 26, 2021.
             Was a Follower of Trog.
             Slain by a worm (8 damage)
             ... on level 2 of the Dungeon.
             The game lasted 00:14:37 (1044 turns).

JimDarkmagic the Skirmisher (Draconian Berserker)   Turns: 1044, Time: 00:14:37

Health: -1/33      AC:  5    Str: 20    XL:     3   Next: 5%
Magic:  3/3        EV:  7    Int: 13    God:    Trog [*.....]
Gold:   13         SH: 11    Dex: 10    Spells: 2/2 levels left

rFire    . . .     SeeInvis .   a - +0 hand axe
rCold    . . .     Faith    .   d - +0 tower shield
rNeg     . . .     Spirit   .   (armour unavailable)
rPois    .         Reflect  .   (helmet restricted)
rElec    .         Harm     .   (no cloak)
rCorr    .         Rampage  .   (no gloves)
Will     .....                  (no boots)
Stlth    +.........             (no amulet)
HPRegen  0.11/turn              e - +6 ring of intelligence
MPRegen  0.08/turn              (no ring)

@: no status effects
A: AC +5, unfitting armour, cold-blooded
a: Renounce Religion, Berserk


You were on level 2 of the Dungeon.
You worshipped Trog.
Trog was aware of your devotion.
You visited 1 branch of the dungeon, and saw 2 of its levels.

You collected 13 gold pieces.

Inventory:

Hand Weapons
 a - a +0 hand axe (weapon)
Armour
 d - a +0 tower shield (worn)
Jewellery
 e - a +6 ring of intelligence (left hand)
Scrolls
 b - 3 scrolls of summoning {unknown}
Potions
 c - a potion of invisibility {unknown}


   Skills:
 + Level 3.6 Fighting
 * Level 3.6 Axes
 + Level 3.1 Dodging


You had 2 spell levels left.
You didn't know any spells.
Your spell library contained the following spells:

 Spells                   Type           Power      Damage    Failure   Level
 Call Canine Familiar     Summ           0%         N/A       100%        3
 Portal Projectile        Hex/Tloc       0%         N/A       100%        3
 Leda's Liquefaction      Hex/Erth       0%         N/A       100%        4


Dungeon Overview and Level Annotations

Branches:
Dungeon (2/15)

Altars:

Annotations:
D:1 1 runed translucent door


Innate Abilities, Weirdness & Mutations

Your plain brown scales are hard. (AC +5)
You cannot fit into any form of body armour.
You are cold-blooded and may be slowed by cold attacks.


Message History

You see here a +0 short sword.
Done exploring.
Done exploring.
You can't go down here!
(D) Dungeon
Where to? (? - help)
You open the door.
The jackal barks!
There is an open door here.
The jackal barks!
There is a stone staircase leading down here.
You climb downwards. 2 worms come into view.
Found 20 gold pieces, a hunting sling and a scroll labelled POOCLI XAOPSAE.
There is a stone staircase leading up here.
You climb upwards.
Level annotation: 1 runed translucent door The endoplasm quivers.
There is a stone staircase leading down here.
You climb downwards.
There is a stone staircase leading up here.
You hit the worm.
The worm is lightly wounded.
The worm bites you.
You hit the worm.
The worm is lightly wounded.
You hit the worm. The worm bites you! The worm bites you.
You hit the worm.
The worm is moderately wounded.
You hit the worm. The worm barely misses you. The worm bites you!
* * * LOW HITPOINT WARNING * * *
The worm closely misses you.
You climb upwards.
Level annotation: 1 runed translucent door
There is a stone staircase leading down here.
You block the worm's attack.
You climb downwards.
There is a stone staircase leading up, spattered with blood here.
The worm bites you!
You die...

#.. #.$
####..
.....
##... #
#....
....#..###
...$..w@.#
...#..w..#
.........#
).....###.
...... ..
..?... ...
..... ..#
..... ..#


You could see 2 worms.

Vanquished Creatures
  3 dart slugs (D:1)
  A bat (D:1)
  2 endoplasms (D:1)
  2 goblins (D:1)
  4 hobgoblins (D:1)
  3 jackals (D:1)
  3 quokkas (D:1)
  A ball python (D:1)
  A kobold (D:1)
20 creatures vanquished.

Notes
Turn   | Place    | Note
-------+----------+-------------------------------------------
     0 | D:1      | JimDarkmagic the Draconian Berserker began the quest for
                  | the Orb.
     0 | D:1      | Reached XP level 1. HP: 19/19 MP: 1/1
     1 | D:1      | Found a runed translucent door.
   289 | D:1      | Reached XP level 2. HP: 17/26 MP: 2/2
   836 | D:1      | Reached XP level 3. HP: 27/33 MP: 3/3
  1044 | D:2      | Slain by a worm

Illustrated notes

Levels and vault maps discovered:
D:1:      dpeg_arrival_caged_fury, layout_rooms, chequers_decorated_corner
D:2:      layout_rooms, basic_ecumenical_altar, uniq_jessica, uniq_robin

Skill      XL: |  1  2 |
---------------+-------+-----
Dodging        | 3 |  3.1
Fighting       | |  3.6
Axes           | |  3.6

Action                   || total
-------------------------++-------
Melee: Hand axe          ||    54
       Tailslap          ||     2
Armor: Skin              ||    21
Dodge: Dodged            ||    18
Block: Tower shield      ||    19
